 Dungeon Crawl Stone Soup version 0.17.1-1-g73c8601 (webtiles) character file.

1640 Mysteryquy the Nimble (level 8, -3/58 HPs)
             Began as a Demonspawn Monk on Jan 1, 2016.
             Was a Priest of Makhleb.
             Slain by Menkaure (18 damage)
             ... on level 6 of the Dungeon.
             The game lasted 00:16:49 (6102 turns).

Mysteryquy the Nimble (Demonspawn Monk)             Turns: 6102, Time: 00:16:49

Health: -3/58      AC: 10    Str: 13    XL:     8   Next: 66%
Magic:  8/8        EV: 17    Int: 16    God:    Makhleb [***...]
Gold:   296        SH:  0    Dex: 15    Spells: 0 memorised, 7 levels left

rFire  . . .     SeeInvis .       - Unarmed
rCold  . . .     Clarity  .     a - +0 robe
rNeg   . . .     SustAt   .     (no shield)
rPois  .         Gourm    .     (helmet restricted)
rElec  .         Spirit   .     (no cloak)
rCorr  .         Warding  .     e - +0 pair of gloves
rMut   .         Stasis   .     (no boots)
MR     +....                    (no amulet)
Stlth  +++.......               o - +5 ring of intelligence
                                l - ring of protection from magic

@: somewhat resistant to hostile enchantments, fairly stealthy
A: antennae 2, rough black scales 2, nightstalker 1, spiny 1
a: Minor Destruction, Lesser Servant of Makhleb, Renounce Religion


You were on level 6 of the Dungeon.
You worshipped Makhleb.
Makhleb was most pleased with you.
You were hungry.

You visited 2 branches of the dungeon, and saw 7 of its levels.

You collected 296 gold pieces.

Inventory:

Armour
 a - a +0 robe (worn)
 c - a cursed -1 leather armour
 e - a +0 pair of gloves (worn)
 q - a +0 helmet
Jewellery
 l - a ring of protection from magic (left hand)
 m - an uncursed ring of magical power
 n - a -5 ring of dexterity
 o - a +5 ring of intelligence (right hand)
Wands
 k - a wand of disintegration (15)
 v - a wand of slowing (32)
 w - a wand of slowing (19)
Scrolls
 d - 2 scrolls of remove curse
 h - a scroll of blinking {unknown}
 i - a scroll of random uselessness {unknown}
 j - 2 scrolls of teleportation
 s - 2 scrolls of magic mapping {unknown}
 u - 6 scrolls of identify
Potions
 f - a potion of agility
 t - 2 potions of magic {unknown}
Comestibles
 b - 4 bread rations
 g - 2 royal jellies
 p - a meat ration
 r - 2 chunks of flesh


   Skills:
 - Level 3.0 Fighting
 + Level 8.0 Dodging
 - Level 1.7 Stealth
 * Level 7.7 Unarmed Combat


You had 7 spell levels left.
You didn't know any spells.

Dungeon Overview and Level Annotations

Branches:
Dungeon (6/15)             Temple (1/1) D:4

Altars:
Ashenzari
Cheibriados
Dithmenos
Elyvilon
Fedhas
Gozag
Kikubaaqudgha
Makhleb
Nemelex Xobeh
Okawaru
Qazlal
Ru
Sif Muna
Trog
Vehumet
Yredelemnul
Zin
The Shining One

Annotations:
D:6 Menkaure


Innate Abilities, Weirdness & Mutations

You have a pair of antennae on your head.
You are mostly covered in rough black scales (AC +7, Dex -2).
You are slightly more attuned to the shadows.
You are partially covered in sharp spines.


Message History

Menkaure casts a spell at you. Pain shoots through your body!
* * * LOW HITPOINT WARNING * * *
The crimson imp is struck by your spines.
The crimson imp hits you but does no damage.
Menkaure closely misses you.
Items here: ! ) [ † a dagger; a robe; a potion of flight; an orc corpse You hit Menkaure.
Menkaure is lightly damaged.
The crimson imp closely misses you. Menkaure barely misses you.
You barely miss Menkaure. You punch Menkaure.
Menkaure is lightly damaged.
The crimson imp blinks!
Menkaure closely misses you.
You completely miss Menkaure.
Menkaure is lightly damaged.
You hit Menkaure but do no damage.
Menkaure is lightly damaged.
Menkaure is struck by your spines. Menkaure hits you!!
You die...

##......
#......#
#......#
#......#
#......#
#......#
#......#
#§M....#
##@########
#5# #.. #.#
#.# #)# #.#
#)# #.# #)#
#<# #.# #.#
#.######.#
#.....?..#


You could see Menkaure and a crimson imp.

Vanquished Creatures
  Eustachio (D:3)
  A sky beast (D:5)
  3 phantoms
  2 black bears (D:4)
  2 ogres
  Blork the orc (D:4)
  A scorpion (D:4)
  The ghost of Alreadydead the Insei, a weakling DsMo (D:3)
  2 orc priests (D:5)
  A hound (D:5)
  Terence (D:2)
  Natasha (thrice) (D:2)
  5 orc wizards
  4 worker ants
  2 hound skeletons
  Robin (D:3)
  6 adders
  An ooze (D:4)
  5 adder skeletons
  An adder zombie (D:2)
  3 worms
  4 giant geckos
  24 orcs
  7 bats
  A bat skeleton (D:2)
  A bat zombie (D:2)
  6 giant cockroaches
  20 goblins
  12 hobgoblins
  5 kobolds
  3 quokkas
  3 ball pythons
  A ball python zombie (D:2)
  A giant cockroach zombie (D:2)
  A giant gecko skeleton (D:5)
  3 giant newts
  6 jackals
  A jackal skeleton (D:2)
  A quokka skeleton (D:2)
  10 rats
157 creatures vanquished.

Notes
Turn   | Place    | Note
--------------------------------------------------------------
     0 | D:1      | Mysteryquy the Demonspawn Monk began the quest for the Orb.
     0 | D:1      | Reached XP level 1. HP: 18/18 MP: 1/1
   193 | D:1      | Gained mutation: You are partially covered in rough black scales (AC +4, Dex -1). [demonic ancestry]
   193 | D:1      | Reached XP level 2. HP: 10/24 MP: 2/2
   948 | D:2      | Reached skill level 4 in Unarmed Combat
   948 | D:2      | Gained mutation: You have a pair of small antennae on your head. [demonic ancestry]
   948 | D:2      | Reached XP level 3. HP: 25/29 MP: 3/3
   952 | D:2      | Noticed Natasha
   974 | D:2      | Killed Natasha
  1048 | D:2      | Noticed Natasha
  1058 | D:2      | Killed Natasha
  1064 | D:2      | Gained mutation: You are mostly covered in rough black scales (AC +7, Dex -2). [demonic ancestry]
  1064 | D:2      | Reached XP level 4. HP: 20/35 MP: 4/4
  1392 | D:2      | Noticed Natasha
  1408 | D:2      | Killed Natasha
  1668 | D:2      | Noticed Terence
  1700 | D:2      | Killed Terence
  1887 | D:3      | Noticed Alreadydead's ghost (weakling DsMo)
  1925 | D:3      | Killed Alreadydead's ghost
  1925 | D:3      | Gained mutation: You have a pair of antennae on your head. [demonic ancestry]
  1925 | D:3      | Reached XP level 5. HP: 21/41 MP: 5/5
  2221 | D:3      | Noticed Robin
  2267 | D:3      | Killed Robin
  2267 | D:3      | Reached skill level 5 in Dodging
  2273 | D:3      | Reached skill level 5 in Unarmed Combat
  2528 | D:3      | Noticed a phantom
  2845 | D:3      | Reached XP level 6. HP: 33/47 MP: 6/6
  3418 | D:4      | Noticed Eustachio
  3652 | D:3      | Killed Eustachio
  3652 | D:3      | Reached skill level 6 in Dodging
  3652 | D:3      | Gained mutation: You are slightly more attuned to the shadows. [demonic ancestry]
  3652 | D:3      | Reached XP level 7. HP: 52/52 MP: 7/7
  3790 | D:3      | Killed a phantom
  3953 | D:4      | Found a staircase to the Ecumenical Temple.
  4193 | Temple   | Entered the Ecumenical Temple
  4304 | Temple   | Became a worshipper of Makhleb the Destroyer
  4304 | Temple   | Reached * piety under Makhleb
  4304 | Temple   | Reached ** piety under Makhleb
  4588 | D:4      | Noticed Blork the orc
  4605 | D:4      | Killed Blork the orc
  5024 | D:4      | Reached skill level 7 in Dodging
  5101 | D:4      | Gained mutation: You are partially covered in sharp spines. [demonic ancestry]
  5101 | D:4      | Reached XP level 8. HP: 50/58 MP: 8/8
  5358 | D:5      | Entered Level 5 of the Dungeon
  5436 | D:5      | Found a bloodstained altar of Trog.
  5893 | D:5      | Reached *** piety under Makhleb
  6075 | D:6      | Reached skill level 8 in Dodging
  6085 | D:6      | Noticed Menkaure
  6102 | D:6      | Slain by Menkaure

Action                   |  1- 3 |  4- 6 |  7- 9 || total
-------------------------+-------+-------+-------++-------
Melee: Unarmed           |   139 |   390 |   273 ||   802
  Use: Potion            |       |     5 |     2 ||     7
       Scroll            |       |     2 |     3 ||     5
 Stab: Sleeping          |     2 |     8 |     4 ||    14
       Distracted        |       |     1 |       ||     1
  Eat: Chunk             |       |     9 |     3 ||    12
       Meat ration       |       |       |     1 ||     1
